 Dungeon Crawl Stone Soup version 0.27-a0-1529-g1e82c303ef (webtiles) character file.

Game seed: 15673008596562391206

543 dickylongcocking the Magician (level 7, 0/54 HPs)
             Began as a Djinni Wanderer on July 12, 2021.
             Slain by a gnoll (2 damage)
             ... on level 4 of the Dungeon.
             The game lasted 00:05:57 (5738 turns).

dickylongcocking the Magician (Djinni Wanderer)     Turns: 5738, Time: 00:05:57

Health: 0/54       AC:  3    Str: 10    XL:     7   Next: 52%
Gold:   145        EV: 10    Int: 16    God:
                   SH:  0    Dex: 13

rFire    + + .     SeeInvis .   c - +0 long sword
rCold    x . .     Faith    .   (no shield)
rNeg     . . .     Spirit   .   k - +0 leather armour
rPois    ∞         Reflect  .   (no helmet)
rElec    .         Harm     .   (no cloak)
rCorr    .         Rampage  .   (no gloves)
Will     .....                  (boots unavailable)
Stlth    +.........             (no amulet)
HPRegen  0.18/turn              (no ring)
MPRegen  0.00/turn              (no ring)

@: flying, hasted, very quick
A: sickness immunity, fire resistance 2, cold vulnerability 1, float, innate
caster, hp casting, extra vitality 1
a: no special abilities


You were on level 4 of the Dungeon.
You visited 1 branch of the dungeon, and saw 4 of its levels.

You collected 145 gold pieces.

Inventory:

Hand Weapons
 a - a +0 dagger
 c - a +0 long sword (weapon)
 g - a +0 quarterstaff
 n - a +0 falchion
Missiles
 o - 7 atropa-tipped darts
Armour
 b - a +0 robe
 k - a +0 leather armour (worn)
Scrolls
 d - 3 scrolls of identify {unknown}
 e - a scroll of acquirement {unknown}
 f - a scroll of holy word {unknown}
 h - a scroll of enchant armour {unknown}
 j - a scroll of blinking {unknown}
 l - a scroll of teleportation {unknown}
 m - a scroll of vulnerability {unknown}


   Skills:
 * Level 5.0 Fighting
 - Level 1.7 Short Blades
 - Level 1.0 Stealth
 - Level 2.0 Shields
 * Level 5.8 Spellcasting


You couldn't memorise any spells.
You knew the following spells:

 Your Spells              Type           Power      Damage    Failure   Level
a - Magic Dart            Conj           92%        1d7       1%          1
b - Blink                 Tloc           N/A        N/A       2%          2
c - Call Imp              Summ           23%        N/A       2%          2
d - Slow                  Hex            23%        N/A       2%          2
e - Conjure Flame         Conj/Fire      23%        6-21      4%          3
f - Mephitic Cloud        Conj/Pois/Air  23%        N/A       4%          3
g - Tukima's Dance        Hex            23%        N/A       4%          3
h - Corona                Hex            25%        N/A       1%          1
i - Summon Small Mammal   Summ           92%        N/A       1%          1
j - Passwall              Tmut/Erth      19%        N/A       2%          2
p - Poisonous Vapours     Pois/Air       46%        N/A       2%          2

Your spell library contained the following spells:

 Spells                   Type           Power      Damage    Failure   Level
 Ensorcelled Hibernation  Hex/Ice        46%        N/A       2%          2


Dungeon Overview and Level Annotations

Branches:
Dungeon (4/15)
 Temple: D:4-7

Altars:
Fedhas
Kikubaaqudgha
Ru
Vehumet

Annotations:
D:3 exclusion: statue


Innate Abilities, Weirdness & Mutations

You are immune to sickness and miasma.
You are immune to poison.
Your flesh is very heat resistant. (rF++)
You are vulnerable to cold. (rC-)
You float through the air rather than walking.
You learn spells naturally, not from books.
Your magical power is your life essence.
You have superior vitality. (+4 HP)


Message History

The gnoll's wounds heal themselves!
The gnoll shaman calls upon its god to speed up the gnoll.
The gnoll seems to speed up.
Casting: Poisonous Vapours (safe; 2% risk of failure)
Confirm with . or Enter, or press ? or * to list all spells.
Aiming: Poisonous Vapours (safe; 2% risk of failure)
Press: ? - help, Dir - move target, f - gnoll, p - gnoll
Aim: a gnoll, wielding a +0 spear (severely wounded) Poisonous vapours surround the gnoll!
The gnoll is poisoned.
* * * LOW HITPOINT WARNING * * *
The gnoll looks more healthy.
The gnoll hits you from afar with a +0 spear.
* * * LOW HITPOINT WARNING * * *
The gnoll shaman calls upon its god to heal the gnoll.
The gnoll's wounds heal themselves!
Unknown command.
You kill the gnoll!
A ball python comes into view.
You see here a bubbling clear potion.
The gnoll hits you from afar with a +0 spear.
* * * LOW HITPOINT WARNING * * *
You feel yourself speed up.
The ball python hisses angrily.
The gnoll hits you from afar with a +0 spear.
* * * LOW HITPOINT WARNING * * *
Unknown command.
The ball python closely misses you. x2
Okay, then.
You aren't carrying any potions.
Unknown command.
Casting: Poisonous Vapours (safe; 2% risk of failure)
Confirm with . or Enter, or press ? or * to list all spells.
Aiming: Poisonous Vapours (safe; 2% risk of failure)
Press: ? - help, Dir - move target, f - ball python
Aim: a ball python Poisonous vapours surround the ball python!
The ball python is poisoned.
* * * LOW HITPOINT WARNING * * *
The gnoll hits you from afar with a +0 spear.
You die...

#..........
#.#†####### #.#.#
#.#[# ########.#.#
..
#.!...)g...###....
#g######.....))...
#.#.).....####$...
#@#.#####.# #.
#S#. .... #.#.
....... #.#.
#.?.....# #.#.
#......... #.#.
#.######.# #.#. .#
#.#


You could see a gnoll (fast) and a ball python (poisoned).

Vanquished Creatures
  Sigmund (D:3)
  A phantom (D:4)
  A hound (D:4)
  2 iguanas
  6 gnolls
  6 adders
  An adder skeleton (D:4)
  2 adder zombies (D:1)
  4 worms
  3 dart slugs
  3 orcs (D:4)
  5 ball pythons
  9 endoplasms
  4 giant cockroaches
  4 goblins
  4 hobgoblins
  4 jackals (D:3)
  2 quokkas (D:3)
  2 bats (D:1)
  4 frilled lizards
  9 kobolds
  A quokka skeleton (D:4)
  5 rats
83 creatures vanquished.

Vanquished Creatures (collateral kills)
  2 gnolls (D:3)
  A giant cockroach (D:2)
  A bat (D:2)
4 creatures vanquished.

Grand Total: 87 creatures vanquished

Notes
Turn   | Place    | Note
-------+----------+-------------------------------------------
     0 | D:1      | dickylongcocking the Djinni Wanderer began the quest for
                  | the Orb.
     0 | D:1      | Reached XP level 1. HP: 15/15 MP: 0/0
   198 | D:1      | Reached XP level 2. HP: 14/22 MP: 0/0
   504 | D:1      | Reached skill level 1 in Fighting
   977 | D:1      | Reached XP level 3. HP: 25/27 MP: 0/0
   977 | D:1      | Learned a level 1 spell: Summon Small Mammal
  1232 | D:2      | Found a faded altar of an unknown god.
  2133 | D:2      | Reached XP level 4. HP: 19/33 MP: 0/0
  2871 | D:3      | Found a blossoming altar of Fedhas.
  3046 | D:3      | Reached XP level 5. HP: 20/39 MP: 0/0
  3046 | D:3      | Learned a level 2 spell: Poisonous Vapours
  3385 | D:3      | Reached skill level 5 in Spellcasting
  4154 | D:3      | Noticed a charred statue
  4437 | D:3      | Reached XP level 6. HP: 35/46 MP: 0/0
  4549 | D:3      | Noticed Sigmund
  4568 | D:3      | Killed Sigmund
  4942 | D:4      | Reached XP level 7. HP: 37/53 MP: 0/0
  4942 | D:4      | Learned a level 2 spell: Passwall
  5267 | D:4      | Found a sacrificial altar of Ru.
  5726 | D:4      | Reached skill level 5 in Fighting
  5738 | D:4      | Slain by a gnoll

Illustrated notes

Levels and vault maps discovered:
D:1:      saegor_arrival_fortress, layout_rooms
D:2:      layout_rooms, ebering_ecumenical_altar_webs
D:3:      layout_basic, vehumet_statue, fedhas_altar_3,
          mainiacjoe_overflow_boulevard, kennysheep_generic_room_12,
          uniq_sigmund
D:4:      layout_basic, lemuel_crystal_altar

Skill      XL: |  1  2  3  4  5  6  7 |
---------------+----------------------+-----
Fighting       | 1 2 3 4 5 |  5.0
Spellcasting   | 5 |  5.8
Short Blades   | |  1.7
Stealth        | |  1.0
Shields        | |  2.0

Action                   |  1- 3 |  4- 6 |  7- 9 || total
-------------------------+-------+-------+-------++-------
Melee: Dagger            |     5 |    14 |       ||    19
       Quarterstaff      |       |     1 |       ||     1
       Unarmed           |       |     6 |     4 ||    10
       Falchion          |       |     5 |     4 ||     9
       Long sword        |       |       |    22 ||    22
 Cast: Magic Dart        |    74 |    94 |     8 ||   176
       Mephitic Cloud    |     2 |     2 |       ||     4
       Call Imp          |     2 |     2 |     5 ||     9
       Poisonous Vapours |       |    31 |    11 ||    42
       Tukima's Dance    |       |     1 |       ||     1
  Use: Potion            |     1 |     1 |     2 ||     4
 Stab: Confused          |       |     1 |       ||     1
Armor: Robe              |     6 |       |       ||     6
       Leather armour    |       |     6 |     7 ||    13
       Skin              |       |     6 |     3 ||     9
Dodge: Dodged            |    25 |    17 |    18 ||    60
       Rpst.: Falchion   |       |     2 |     2 ||     4
       Long sword        |       |       |     3 ||     3

Table legend: (Time is in decaauts)
 A = Elapsed time spent in this place.
 B = Non-inter-level travel time spent in this place.
 C = Inter-level travel time spent in this place.
 D = Time resting spent in this place.
 E = Time spent auto-exploring this place.
 F = Levels seen in this place.
 G = Mean time per level.
                   A        B        C        D        E       F      G
               +--------+--------+--------+--------+--------+-----+--------+
         Total |   5725 |   5634 |     91 |   1535 |   3452 |   4 | 1431.2 |
       Dungeon |   5725 |   5634 |     91 |   1535 |   3452 |   4 | 1431.2 |
               +--------+--------+--------+--------+--------+-----+--------+

Top non-repeatable levels by time:
     D:3: 1997 daAuts
     D:1: 1811 daAuts
     D:4: 1044 daAuts
     D:2: 872 daAuts
